AoeStats
← crsstphrwekasldks

Black Forest

507512854Analyzed
4v4 RM · 13d ago on Sep 18, 2026· 55m 22s· 8 players
Game mode
Random Map
Map size
Large (8 player)
Population
200
Speed
Normal
Resources
Standard
Victory
Conquest
Starting age
Dark Age
Ending age
Imperial Age
RankedLock teamsTeams togetherTeam positionsShared explorationLock speedFull tech treeHidden civsTurbo modeCheats
Victory
Defeat
🇩🇪 Gurjaras · Germany
1096
+15
🇩🇪 Goths · Germany
1095
+15
🇨🇦 Khmer · Canada
1021
+18
🇺🇸 Bohemians · United States
1017
+18
🇷🇴 Berbers · Romania
1107
-18
🇺🇸 Italians · United States
1094
-18
1094
-18
🇵🇱 Koreans · Poland
953
-12
MRP9NDA
1:32 Loom
10:56 Feudal Age
17:02 Castle Age
15:29 Double-Bit Axe
15:41 Horse Collar
19:30 Bow Saw
25:41 Wheelbarrow
25:44 Heavy Plow
27:09 Fletching
27:19 Padded Archer Armor
31:32 Imperial Age
28:54 Gold Mining
30:23 Gold Shaft Mining
30:25 Hand Cart
30:22 Bodkin Arrow
30:34 Town Watch
31:29 Ballistics
31:26 Leather Archer Armor
32:01 Town Patrol
33:26 Chemistry
33:28 Bracer
34:51 Crop Rotation
36:01 Conscription
39:40 Squires
39:01 Man-at-Arms
39:44 Man-at-Arms
40:17 Long Swordsman
41:25 Two-Handed Swordsman
41:33 Two-Handed Swordsman
42:10 Champion
43:06 Forging
42:57 Scale Mail Armor
44:45 Iron Casting
51:14 Chain Mail Armor
52:26 Blast Furnace
Aotisagoodanime
6:57 Loom
9:25 Feudal Age
11:19 Double-Bit Axe
11:20 Horse Collar
18:49 Castle Age
17:09 Fletching
20:02 Bodkin Arrow
20:53 Wheelbarrow
20:29 Bow Saw
20:23 Heavy Plow
23:10 Hand Cart
23:03 Crossbowman
25:19 Gold Mining
26:05 Crossbowman
29:20 Stone Mining
30:07 Gold Shaft Mining
33:20 Ballistics
35:44 Imperial Age
34:40 Thumb Ring
36:33 Bracer
36:14 Heavy Rocket Cart
37:31 Arbalester
37:40 Light Cavalry
38:21 Husbandry
39:47 Chemistry
39:41 Hussar
40:54 Caravan
50:15 Scale Barding Armor
50:22 Forging
50:57 Elite Skirmisher
52:43 Chain Barding Armor
53:00 Iron Casting
位技术水平平平但策略
0:59 Loom
9:48 Feudal Age
17:41 Castle Age
16:57 Double-Bit Axe
17:24 Scale Barding Armor
19:06 Horse Collar
19:48 Husbandry
19:59 Bloodlines
20:38 Wheelbarrow
21:04 Heavy Plow
22:54 Hand Cart
24:56 Bow Saw
34:07 Imperial Age
31:38 Gold Mining
33:47 Gold Shaft Mining
33:02 Stone Mining
33:51 Caravan
34:24 Coinage
36:00 Crop Rotation
35:03 Heavy Camel Rider
37:31 Conscription
37:53 Chain Barding Armor
37:44 Forging
38:26 Frontier Guards
39:14 Plate Barding Armor
40:01 Kshatriyas
41:42 Iron Casting
44:33 Hoardings
44:59 Fletching
48:18 Banking
NoStaks
0:32 Loom
11:44 Feudal Age
16:33 Castle Age
16:19 Double-Bit Axe
16:17 Horse Collar
17:36 Wheelbarrow
19:33 Heavy Plow
20:11 Bow Saw
26:27 Hand Cart
30:22 Imperial Age
27:48 Fletching
27:59 Padded Archer Armor
27:54 Gold Mining
28:23 Town Watch
30:02 Ballistics
30:00 Bodkin Arrow
31:12 Bracer
31:28 Leather Archer Armor
32:14 Chemistry
31:51 Conscription
32:03 Elite Genoese Crossbowman
34:13 Two-Man Saw
35:02 Silk Road
37:16 Town Patrol
40:51 Caravan
46:12 Light Cavalry
47:04 Bloodlines
46:54 Husbandry
47:03 Scale Barding Armor
47:08 Forging
49:27 Chain Barding Armor
49:46 Iron Casting
49:05 Hussar
51:21 Plate Barding Armor
felixcool98
0:33 Loom
12:30 Feudal Age
19:16 Castle Age
22:32 Horse Collar
22:42 Double-Bit Axe
25:22 Bow Saw
25:15 Heavy Plow
28:21 Imperial Age
28:08 Stone Mining
28:46 Caravan
28:55 Scale Barding Armor
29:30 Stone Shaft Mining
28:47 Gold Mining
30:03 Chain Barding Armor
29:59 Bloodlines
29:51 Husbandry
32:26 Chemistry
32:28 Heavy Camel Rider
34:59 Plate Barding Armor
36:46 Forging
40:12 Frontier Guards
41:04 Iron Casting
41:37 Gold Shaft Mining
41:41 Wheelbarrow
42:51 Fortified Wall
44:22 Hand Cart
48:56 Scale Mail Armor
49:47 Masonry
49:54 Chain Mail Armor
51:54 Plate Mail Armor
52:05 Town Watch
54:42 Coinage
55:33 Architecture
54:57 Fletching
55:28 Ballistics
Gast
3:51 Loom
10:39 Feudal Age
14:37 Castle Age
14:30 Double-Bit Axe
14:26 Horse Collar
17:00 Bow Saw
17:15 Heavy Plow
20:23 Wheelbarrow
24:47 Fervor
26:07 Gold Mining
26:08 Stone Mining
26:57 Hand Cart
27:14 Forging
27:04 Scale Mail Armor
29:42 Iron Casting
29:22 Chain Mail Armor
30:16 Anarchy
32:49 Imperial Age
32:27 Caravan
32:54 Town Watch
32:44 Pikeman
32:46 Man-at-Arms
33:34 Squires
33:43 Perfusion
34:03 Conscription
33:04 Elite Huskarl
34:51 Blast Furnace
34:29 Town Patrol
34:42 Halberdier
36:39 Long Swordsman
37:10 Two-Handed Swordsman
37:49 Champion
44:34 Masonry
45:27 Chemistry
49:22 Two-Man Saw
48:54 Crop Rotation
50:24 Architecture
51:54 Guilds
52:15 Coinage
nezbez
2:20 Loom
12:20 Feudal Age
12:25 Loom
12:43 Loom
16:12 Castle Age
17:51 Wheelbarrow
17:04 Double-Bit Axe
17:37 Horse Collar
18:11 Bow Saw
18:11 Horse Collar
19:21 Loom
20:26 Town Watch
24:14 Heavy Plow
25:16 Fletching
27:31 Ballistics
28:12 Chemistry
28:16 Caravan
31:41 Imperial Age
29:54 Hand Cart
30:02 Wagenburg Tactics
31:10 Padded Archer Armor
31:44 Houfnice
32:53 Conscription
33:14 Bodkin Arrow
33:36 Leather Archer Armor
33:29 Squires
33:13 Elite Hussite Wagon
34:41 Bracer
35:23 Pikeman
38:32 Ring Archer Armor
37:54 Halberdier
37:58 Elite Skirmisher
38:44 Scale Mail Armor
45:45 Two-Man Saw
crsstphrwekasldks
0:36 Loom
11:50 Feudal Age
17:31 Castle Age
15:15 Horse Collar
16:05 Double-Bit Axe
18:24 Bloodlines
18:38 Bow Saw
19:10 Stone Mining
28:02 Gold Mining
28:35 Husbandry
31:20 Wheelbarrow
33:15 Imperial Age
31:43 Gold Shaft Mining
31:10 Heavy Plow
33:57 Tusk Swords
34:05 Scale Barding Armor
34:10 Forging
33:24 Elite Battle Elephant
34:49 Double Crossbow
36:32 Hand Cart
36:35 Caravan
37:13 Chain Barding Armor
37:28 Iron Casting
37:18 Conscription
36:20 Elite Ballista Elephant
38:51 Ballistics
39:33 Chemistry
39:24 Plate Barding Armor
38:37 Town Watch
39:25 Crop Rotation
39:34 Stone Shaft Mining
39:35 Coinage
41:13 Blast Furnace
Connection lost

Rejoining the realm…

Still unreachable

The connection could not be restored.

Session expired

The server has moved on; the page needs a fresh start.